General information
- name: BNet
- type: Ladder team game (AT/RT)
- host: Battle.net
- saver: GladMidsommar
map: Friends
- players: 8
- length: 55:42
- speed: Fast
- version: 1.26 W3XP
- replay type: Public
» download(333 KB)
Players
team 1 (winner)

»
wwwwwwwwwwwwwww (
pink | 20 APM | 855 actions | 43:13)
3 Priestess of the Moon
1 Scout
1 Searing Arrows
1 Trueshot Aura
1 Lich
1 Frost Armor
» actions
| Assign group hotkey | 17 | |
| Basic commands | 27 | |
| Build / train | 52 | |
| ESC pressed | 9 | |
| Enter build submenu | 20 | |
| Enter hero's abilities submenu | 4 | |
| Right click | 259 | |
| Select / deselect | 328 | |
| Select group hotkey | 81 | |
| Use ability | 58 | |
855 total
» units
| Wisp | 17 | |
| Archer | 8 | |
| Forest Troll Shadow Priest | 2 | |
| Hippogryph | 11 | |
38 total
» upgrades
| Ultravision | 1 | |
| Moon Armor | 2 | |
| Improved Bows | 1 | |
| Hippogryph Taming | 1 | |
| Strength of the Moon | 1 | |
6 total
» buildings
| Moon Well | 9 | |
| Hunter's Hall | 1 | |
| Ancient Protector | 3 | |
| Altar of Elders | 3 | |
| Ancient of War | 2 | |
| Tree of Ages | 1 | |
| Ancient of Wind | 1 | |
| Tree of Eternity | 1 | |
| Tree of Life | 1 | |
22 total
» build order
00:11 Moon Well
00:23 Hunter's Hall
01:33 Ancient Protector
01:51 Ancient Protector
02:12 Ancient Protector
02:26 Altar of Elders
02:50 Moon Well
02:56 Moon Well
03:16 Moon Well
03:31 Moon Well
03:35 Moon Well
04:02 Moon Well
04:30 Moon Well
05:03 Ancient of War
05:37 Ancient of War
06:12 Tree of Ages
08:41 Ancient of Wind
08:53 Moon Well
15:17 Tree of Eternity
19:32 Tree of Life
20:26 Altar of Elders
24:02 Altar of Elders
» items

»
Bashiok (
green | 50 APM | 2792 actions | 55:42)
9 Dark Ranger
3 Black Arrow
3 Life Drain
1 Charm
2 Silence
3 Paladin
2 Divine Shield
1 Devotion Aura
2 Blademaster
1 Wind Walk
1 Critical Strike
» actions
| Assign group hotkey | 111 | |
| Basic commands | 113 | |
| Build / train | 189 | |
| ESC pressed | 17 | |
| Enter build submenu | 78 | |
| Enter hero's abilities submenu | 14 | |
| Give item / drop item | 1 | |
| Remove unit from queue | 8 | |
| Right click | 967 | |
| Select / deselect | 513 | |
| Select group hotkey | 552 | |
| Use ability | 229 | |
2792 total
» units
| Wisp | 103 | |
| Goblin Zeppelin | 1 | |
| Chimaera | 19 | |
| Peasant | 3 | |
126 total
» upgrades
| Ultravision | 1 | |
| Nature's Blessing | 1 | |
| Strength of the Wild | 4 | |
| Reinforced Hides | 3 | |
| Well Spring | 2 | |
| Corrosive Breath | 1 | |
12 total
» buildings
| Hunter's Hall | 1 | |
| Moon Well | 5 | |
| Altar of Elders | 1 | |
| Ancient Protector | 47 | |
| Tree of Life | 5 | |
| Tree of Ages | 5 | |
| Tree of Eternity | 3 | |
| Arcane Tower | 3 | |
| Ancient of Wind | 1 | |
| Chimaera Roost | 4 | |
| Town Hall | 1 | |
| Altar of Kings | 1 | |
| Keep | 1 | |
| Great Hall | 2 | |
| Scout Tower | 1 | |
| Castle | 1 | |
| Stronghold | 1 | |
| Altar of Storms | 1 | |
| Fortress | 1 | |
85 total
» build order
00:29 Hunter's Hall
00:50 Moon Well
01:28 Altar of Elders
02:25 Ancient Protector
02:54 Ancient Protector
03:06 Moon Well
03:56 Ancient Protector
03:58 Ancient Protector
04:00 Ancient Protector
04:19 Ancient Protector
04:23 Ancient Protector
05:02 Ancient Protector
05:04 Ancient Protector
05:14 Ancient Protector
05:51 Tree of Life
08:08 Ancient Protector
08:09 Ancient Protector
08:10 Ancient Protector
08:14 Ancient Protector
08:15 Ancient Protector
08:16 Ancient Protector
08:17 Ancient Protector
08:18 Ancient Protector
09:24 Ancient Protector
09:54 Ancient Protector
09:55 Ancient Protector
10:06 Ancient Protector
10:59 Ancient Protector
11:00 Ancient Protector
11:04 Ancient Protector
11:19 Tree of Ages
11:53 Ancient Protector
11:54 Ancient Protector
11:56 Ancient Protector
12:00 Ancient Protector
13:25 Ancient Protector
13:26 Ancient Protector
13:28 Ancient Protector
15:09 Tree of Eternity
15:09 Tree of Eternity
15:32 Ancient Protector
15:34 Ancient Protector
20:47 Tree of Life
21:13 Moon Well
21:56 Tree of Life
22:11 Tree of Life
22:47 Tree of Ages
25:03 Tree of Ages
26:02 Tree of Eternity
26:32 Arcane Tower
26:45 Ancient of Wind
28:31 Chimaera Roost
28:32 Chimaera Roost
28:33 Chimaera Roost
28:33 Chimaera Roost
28:47 Ancient Protector
29:00 Ancient Protector
29:31 Ancient Protector
31:46 Ancient Protector
31:48 Ancient Protector
31:49 Ancient Protector
31:50 Ancient Protector
34:13 Tree of Life
35:31 Moon Well
35:31 Moon Well
35:34 Ancient Protector
35:36 Ancient Protector
35:38 Ancient Protector
39:54 Town Hall
42:27 Altar of Kings
43:17 Keep
44:46 Great Hall
44:49 Great Hall
45:06 Scout Tower
45:23 Ancient Protector
45:29 Ancient Protector
45:30 Ancient Protector
45:35 Arcane Tower
46:21 Castle
47:22 Stronghold
49:15 Altar of Storms
50:34 Fortress
50:49 Tree of Ages
50:58 Tree of Ages
53:19 Arcane Tower
» items
| Orb of Fire | 1 | |
| Scroll of Town Portal | 1 | |
| Potion of Healing | 4 | |
| Ivory Tower | 1 | |
| Potion of Mana | 3 | |
10 total
GladMidsommar (
orange | 78 APM | 4327 actions | 55:42)
10 Blood Mage
3 Flame Strike
3 Siphon Mana
1 Summon Phoenix
3 Banish
» actions
| Assign group hotkey | 45 | |
| Basic commands | 123 | |
| Build / train | 189 | |
| ESC pressed | 16 | |
| Enter build submenu | 66 | |
| Enter hero's abilities submenu | 10 | |
| Give item / drop item | 4 | |
| Remove unit from queue | 1 | |
| Right click | 2162 | |
| Select / deselect | 620 | |
| Select group hotkey | 900 | |
| Use ability | 191 | |
4327 total
» units
| Peasant | 16 | |
| Footman | 8 | |
| Goblin Shredder | 1 | |
| Gryphon Rider | 13 | |
| Sorceress | 1 | |
| Dragonhawk Rider | 6 | |
| Goblin Sapper | 1 | |
| Flying Machine | 5 | |
| Siege Engine | 2 | |
53 total
» upgrades
| Defend | 1 | |
| Swords | 3 | |
| Masonry | 3 | |
| Armor | 3 | |
| Sorceress Training | 2 | |
| Magic Sentry | 1 | |
| Storm Hammers | 1 | |
| Lumber Harvesting | 2 | |
| Cloud | 1 | |
| Animal War Training | 1 | |
| Priest Training | 2 | |
| Control Magic | 1 | |
| Long Rifles | 1 | |
| Backpack | 1 | |
| Plating | 3 | |
| Gunpowder | 3 | |
| Barrage | 1 | |
| Flying Machine Bombs | 1 | |
| Flak Cannons | 1 | |
| Flare | 1 | |
| Fragmentation Shards | 1 | |
34 total
» buildings
| Altar of Kings | 1 | |
| Barracks | 1 | |
| Farm | 12 | |
| Arcane Vault | 1 | |
| Keep | 2 | |
| Blacksmith | 1 | |
| Scout Tower | 30 | |
| Arcane Tower | 9 | |
| Arcane Sanctum | 1 | |
| Castle | 3 | |
| Lumber Mill | 2 | |
| Gryphon Aviary | 4 | |
| Town Hall | 2 | |
| Guard Tower | 51 | |
| Workshop | 4 | |
124 total
» build order
00:04 Altar of Kings
00:07 Barracks
00:11 Farm
01:14 Farm
02:11 Farm
03:07 Arcane Vault
04:16 Keep
04:21 Blacksmith
05:27 Farm
06:20 Scout Tower
06:38 Farm
07:35 Arcane Tower
07:35 Arcane Tower
07:38 Arcane Sanctum
07:43 Castle
07:44 Castle
07:44 Castle
08:02 Lumber Mill
08:41 Gryphon Aviary
08:51 Gryphon Aviary
11:08 Farm
13:09 Town Hall
13:20 Lumber Mill
13:50 Farm
13:55 Scout Tower
14:54 Guard Tower
15:03 Scout Tower
15:05 Scout Tower
15:06 Scout Tower
15:07 Scout Tower
15:09 Scout Tower
15:12 Scout Tower
15:36 Guard Tower
15:36 Guard Tower
15:38 Guard Tower
15:38 Guard Tower
15:38 Guard Tower
15:38 Guard Tower
15:39 Guard Tower
15:47 Guard Tower
15:47 Guard Tower
17:09 Farm
17:11 Farm
17:16 Farm
17:19 Farm
19:19 Gryphon Aviary
19:24 Gryphon Aviary
19:31 Farm
23:06 Town Hall
23:49 Scout Tower
23:51 Scout Tower
23:53 Scout Tower
23:55 Scout Tower
23:59 Scout Tower
24:05 Scout Tower
24:08 Scout Tower
24:12 Scout Tower
24:18 Guard Tower
24:18 Guard Tower
24:18 Guard Tower
24:31 Guard Tower
24:31 Guard Tower
24:34 Guard Tower
24:34 Guard Tower
24:34 Guard Tower
24:46 Arcane Tower
24:46 Arcane Tower
24:47 Arcane Tower
24:47 Arcane Tower
26:07 Scout Tower
26:11 Scout Tower
26:14 Scout Tower
26:35 Scout Tower
26:38 Scout Tower
26:39 Guard Tower
26:40 Guard Tower
26:43 Guard Tower
26:43 Guard Tower
27:05 Workshop
27:10 Workshop
27:15 Scout Tower
27:19 Workshop
27:24 Guard Tower
27:24 Guard Tower
27:27 Scout Tower
27:52 Guard Tower
27:52 Guard Tower
28:19 Guard Tower
30:54 Workshop
47:12 Scout Tower
47:14 Scout Tower
47:15 Scout Tower
47:16 Scout Tower
47:17 Scout Tower
47:23 Scout Tower
47:25 Scout Tower
47:39 Guard Tower
47:40 Guard Tower
47:43 Guard Tower
47:43 Guard Tower
47:44 Guard Tower
47:44 Guard Tower
47:45 Guard Tower
47:51 Guard Tower
47:51 Guard Tower
47:55 Guard Tower
47:55 Guard Tower
» items
| Scroll of Regeneration | 7 | |
| Lesser Clarity Potion | 4 | |
| Scroll of Town Portal | 2 | |
| Mechanical Critter | 3 | |
| Robe of the Magi +6 | 2 | |
| Runed Bracers | 1 | |
| Alleria's Flute of Accuracy | 1 | |
| Potion of Mana | 1 | |
21 total

»
myewsick (
purple | 131 APM | 2050 actions | 15:36)
4 Death Knight
2 Death Coil
2 Unholy Aura
3 Lich
2 Frost Nova
1 Dark Ritual
2 Crypt Lord
1 Impale
1 Carrion Beetles
» actions
| Assign group hotkey | 71 | |
| Basic commands | 74 | |
| Build / train | 56 | |
| Enter build submenu | 16 | |
| Enter hero's abilities submenu | 9 | |
| Give item / drop item | 2 | |
| Right click | 620 | |
| Select / deselect | 254 | |
| Select group hotkey | 870 | |
| Use ability | 78 | |
2050 total
» units
| Acolyte | 10 | |
| Ghoul | 3 | |
| Crypt Fiend | 7 | |
| Frost Wyrm | 2 | |
22 total
» upgrades
| Burrow | 1 | |
| Web | 1 | |
| Creature Attack | 1 | |
3 total
» buildings
| Graveyard | 1 | |
| Crypt | 1 | |
| Altar of Darkness | 1 | |
| Ziggurat | 5 | |
| Tomb of Relics | 1 | |
| Nerubian Tower | 1 | |
| Halls of the Dead | 3 | |
| Black Citadel | 1 | |
| Sacrificial Pit | 1 | |
| Boneyard | 1 | |
16 total
» build order
00:11 Graveyard
00:17 Crypt
00:34 Altar of Darkness
00:54 Ziggurat
01:33 Tomb of Relics
02:09 Ziggurat
02:42 Nerubian Tower
03:52 Halls of the Dead
03:53 Halls of the Dead
04:22 Ziggurat
06:09 Ziggurat
06:17 Black Citadel
06:42 Sacrificial Pit
09:52 Boneyard
10:04 Ziggurat
» items
| Rod of Necromancy | 3 | |
| Sacrificial Skull | 1 | |
| Orb of Corruption | 1 | |
| Scroll of Regeneration | 2 | |
| Lesser Clarity Potion | 1 | |
| Potion of Healing | 1 | |
9 total
team 2 (loser)
lKN0WHATIMDOlN (
blue | 89 APM | 4057 actions | 45:43)
6 Mountain King
3 Storm Bolt
1 Bash
1 Thunder Clap
1 Avatar
6 Paladin
1 Holy Light
3 Devotion Aura
1 Divine Shield
1 Resurrection
» actions
| Assign group hotkey | 32 | |
| Basic commands | 79 | |
| Build / train | 97 | |
| Enter build submenu | 29 | |
| Enter hero's abilities submenu | 12 | |
| Give item / drop item | 7 | |
| Remove unit from queue | 2 | |
| Right click | 902 | |
| Select / deselect | 510 | |
| Select group hotkey | 2297 | |
| Use ability | 89 | |
4057 total
» units
| Peasant | 28 | |
| Rifleman | 18 | |
| Goblin Zeppelin | 1 | |
| Gryphon Rider | 4 | |
51 total
» upgrades
| Gunpowder | 3 | |
| Armor | 3 | |
| Long Rifles | 1 | |
| Masonry | 2 | |
| Swords | 3 | |
| Lumber Harvesting | 2 | |
| Storm Hammers | 1 | |
| Animal War Training | 1 | |
16 total
» buildings
| Lumber Mill | 1 | |
| Altar of Kings | 1 | |
| Farm | 14 | |
| Blacksmith | 1 | |
| Barracks | 1 | |
| Keep | 1 | |
| Scout Tower | 3 | |
| Guard Tower | 3 | |
| Castle | 1 | |
| Gryphon Aviary | 2 | |
| Town Hall | 3 | |
31 total
» build order
00:12 Lumber Mill
00:22 Altar of Kings
00:27 Farm
01:04 Farm
01:35 Blacksmith
01:45 Barracks
02:47 Farm
02:59 Keep
03:40 Farm
03:55 Scout Tower
04:24 Farm
04:33 Scout Tower
04:58 Guard Tower
05:00 Guard Tower
05:03 Scout Tower
05:51 Guard Tower
06:38 Castle
11:04 Gryphon Aviary
11:06 Gryphon Aviary
11:26 Farm
12:14 Farm
14:38 Town Hall
15:48 Farm
17:48 Farm
19:03 Town Hall
28:02 Town Hall
28:52 Farm
29:49 Farm
30:49 Farm
44:27 Farm
45:12 Farm
» items
| Scroll of Regeneration | 1 | |
| Mana Stone | 1 | |
| Sobi Mask | 1 | |
| Potion of Healing | 1 | |
| Orb of Lightning | 3 | |
| Scourge Bone Chimes | 1 | |
| Health Stone | 1 | |
9 total
One.Direction (
yellow | 60 APM | 3174 actions | 52:43)
6 Blood Mage
3 Flame Strike
2 Siphon Mana
1 Banish
1 Mountain King
1 Bash
» actions
| Assign group hotkey | 266 | |
| Basic commands | 64 | |
| Build / train | 136 | |
| Enter build submenu | 71 | |
| Enter hero's abilities submenu | 7 | |
| Give item / drop item | 6 | |
| Remove unit from queue | 1 | |
| Right click | 1380 | |
| Select / deselect | 535 | |
| Select group hotkey | 487 | |
| Use ability | 221 | |
3174 total
» units
| Peasant | 22 | |
| Footman | 16 | |
| Goblin Shredder | 3 | |
| Sorceress | 4 | |
| Gryphon Rider | 2 | |
| Goblin Sapper | 8 | |
| Flying Machine | 2 | |
57 total
» upgrades
| Masonry | 3 | |
| Defend | 1 | |
| Lumber Harvesting | 2 | |
| Sorceress Training | 1 | |
| Magic Sentry | 1 | |
| Swords | 3 | |
| Armor | 3 | |
| Storm Hammers | 1 | |
| Cloud | 1 | |
| Animal War Training | 1 | |
| Gunpowder | 3 | |
| Plating | 3 | |
| Flak Cannons | 1 | |
| Barrage | 1 | |
25 total
» buildings
| Altar of Kings | 2 | |
| Barracks | 1 | |
| Farm | 14 | |
| Lumber Mill | 1 | |
| Arcane Vault | 1 | |
| Keep | 1 | |
| Scout Tower | 67 | |
| Guard Tower | 13 | |
| Arcane Sanctum | 1 | |
| Town Hall | 6 | |
| Castle | 1 | |
| Gryphon Aviary | 6 | |
| Blacksmith | 2 | |
| Workshop | 10 | |
126 total
» build order
00:49 Altar of Kings
00:54 Altar of Kings
01:02 Barracks
01:06 Farm
01:09 Farm
01:15 Farm
02:09 Farm
02:26 Lumber Mill
02:48 Arcane Vault
03:15 Farm
04:21 Keep
05:16 Scout Tower
05:16 Scout Tower
05:17 Scout Tower
05:18 Scout Tower
05:21 Scout Tower
05:23 Scout Tower
05:25 Scout Tower
05:25 Scout Tower
05:26 Scout Tower
05:27 Scout Tower
05:27 Scout Tower
06:48 Guard Tower
08:03 Arcane Sanctum
08:08 Guard Tower
09:25 Town Hall
09:46 Farm
10:58 Scout Tower
10:59 Scout Tower
10:59 Scout Tower
10:59 Scout Tower
11:00 Scout Tower
11:01 Scout Tower
11:02 Scout Tower
11:02 Scout Tower
11:02 Scout Tower
11:03 Scout Tower
11:03 Scout Tower
11:04 Scout Tower
11:05 Scout Tower
11:05 Scout Tower
11:06 Scout Tower
11:06 Scout Tower
13:10 Guard Tower
17:00 Guard Tower
17:03 Castle
21:30 Town Hall
21:35 Town Hall
23:43 Gryphon Aviary
23:45 Gryphon Aviary
23:47 Gryphon Aviary
23:49 Gryphon Aviary
23:52 Gryphon Aviary
23:57 Gryphon Aviary
23:59 Scout Tower
23:59 Scout Tower
23:59 Scout Tower
25:17 Farm
25:19 Blacksmith
25:25 Blacksmith
26:57 Farm
31:12 Farm
31:20 Guard Tower
33:48 Town Hall
35:36 Scout Tower
35:37 Scout Tower
35:37 Scout Tower
35:37 Scout Tower
35:38 Scout Tower
35:39 Scout Tower
35:39 Scout Tower
35:39 Scout Tower
35:40 Scout Tower
35:40 Scout Tower
35:40 Scout Tower
35:41 Scout Tower
35:42 Scout Tower
35:42 Scout Tower
35:43 Scout Tower
35:44 Scout Tower
36:04 Workshop
36:04 Workshop
36:06 Workshop
36:07 Workshop
36:38 Guard Tower
38:50 Guard Tower
40:20 Scout Tower
40:21 Scout Tower
40:22 Scout Tower
40:23 Scout Tower
43:34 Town Hall
44:03 Town Hall
44:40 Scout Tower
44:41 Scout Tower
44:42 Scout Tower
44:42 Scout Tower
44:43 Scout Tower
44:44 Scout Tower
44:45 Scout Tower
44:46 Scout Tower
44:47 Scout Tower
44:50 Scout Tower
44:51 Scout Tower
44:53 Scout Tower
44:55 Scout Tower
44:57 Scout Tower
44:59 Scout Tower
45:28 Guard Tower
45:29 Guard Tower
45:31 Guard Tower
45:56 Scout Tower
46:01 Guard Tower
46:21 Guard Tower
46:37 Guard Tower
47:25 Workshop
47:25 Workshop
47:42 Workshop
47:43 Workshop
47:49 Workshop
47:54 Workshop
48:52 Farm
48:52 Farm
48:54 Farm
48:55 Farm
48:57 Farm
» items
| Scroll of Regeneration | 4 | |
| Healing Salve | 1 | |
| Boots of Quel'Thalas +6 | 3 | |
| Robe of the Magi +6 | 1 | |
| Lesser Clarity Potion | 4 | |
| Potion of Mana | 4 | |
| Potion of Healing | 5 | |
| Scroll of Town Portal | 3 | |
| Runed Bracers | 1 | |
| Demonic Figurine | 1 | |
| Mana Stone | 1 | |
| Potion of Divinity | 1 | |
| Inferno Stone | 1 | |
30 total
orc-is-hax. (
teal | 47 APM | 2601 actions | 55:41)
5 Blademaster
3 Wind Walk
2 Critical Strike
» actions
| Assign group hotkey | 38 | |
| Basic commands | 176 | |
| Build / train | 87 | |
| Enter build submenu | 18 | |
| Enter hero's abilities submenu | 5 | |
| Give item / drop item | 12 | |
| Remove unit from queue | 1 | |
| Right click | 966 | |
| Select / deselect | 381 | |
| Select group hotkey | 806 | |
| Use ability | 111 | |
2601 total
» units
| Peon | 21 | |
| Grunt | 4 | |
| Wind Rider | 5 | |
| Goblin Zeppelin | 1 | |
| Goblin Shredder | 1 | |
| Goblin Sapper | 6 | |
| Raider | 5 | |
43 total
» upgrades
| Ranged Weapons | 3 | |
| Armor | 3 | |
| Reinforced Defenses | 1 | |
| Envenomed Spears | 1 | |
| Melee Weapons | 3 | |
11 total
» buildings
| Altar of Storms | 1 | |
| Orc Burrow | 7 | |
| Barracks | 1 | |
| Voodoo Lounge | 1 | |
| Stronghold | 2 | |
| War Mill | 1 | |
| Beastiary | 5 | |
| Fortress | 3 | |
| Great Hall | 2 | |
| Watch Tower | 18 | |
41 total
» build order
00:17 Altar of Storms
00:22 Orc Burrow
00:53 Barracks
01:40 Orc Burrow
02:03 Voodoo Lounge
03:30 Stronghold
03:53 Orc Burrow
04:30 War Mill
05:13 Orc Burrow
05:52 Beastiary
05:53 Beastiary
09:05 Fortress
09:06 Fortress
09:06 Fortress
10:05 Great Hall
11:38 Watch Tower
11:39 Watch Tower
11:41 Watch Tower
11:48 Watch Tower
12:24 Watch Tower
12:25 Watch Tower
12:26 Watch Tower
12:28 Watch Tower
12:28 Watch Tower
12:29 Watch Tower
13:33 Watch Tower
13:34 Watch Tower
13:35 Watch Tower
13:35 Watch Tower
16:23 Beastiary
16:24 Beastiary
16:24 Beastiary
16:26 Orc Burrow
16:26 Orc Burrow
16:27 Orc Burrow
19:49 Great Hall
19:51 Watch Tower
19:52 Watch Tower
19:53 Watch Tower
27:39 Stronghold
» items
| Healing Salve | 3 | |
| Lesser Clarity Potion | 2 | |
| Orb of Lightning | 1 | |
| Potion of Healing | 2 | |
| Health Stone | 1 | |
| Tiny Great Hall | 3 | |
| Scroll of Town Portal | 4 | |
| Potion of Mana | 1 | |
17 total
Guilty_Killer (
red | 30 APM | 1681 actions | 55:27)
6 Paladin
3 Holy Light
2 Divine Shield
1 Resurrection
» actions
| Basic commands | 1 | |
| Build / train | 81 | |
| Enter build submenu | 29 | |
| Enter hero's abilities submenu | 7 | |
| Remove unit from queue | 9 | |
| Right click | 1040 | |
| Select / deselect | 454 | |
| Use ability | 60 | |
1681 total
» units
| Peasant | 21 | |
| Footman | 9 | |
| Knight | 8 | |
| Rifleman | 13 | |
51 total
» upgrades
| Plating | 2 | |
| Swords | 1 | |
| Gunpowder | 1 | |
4 total
» buildings
| Farm | 14 | |
| Lumber Mill | 1 | |
| Altar of Kings | 1 | |
| Barracks | 2 | |
| Scout Tower | 5 | |
| Arcane Tower | 1 | |
| Arcane Vault | 1 | |
| Blacksmith | 1 | |
| Keep | 1 | |
| Guard Tower | 4 | |
| Castle | 1 | |
| Town Hall | 1 | |
33 total
» build order
00:15 Farm
00:27 Lumber Mill
01:00 Farm
01:09 Altar of Kings
01:16 Barracks
02:17 Scout Tower
02:49 Arcane Tower
03:05 Arcane Vault
03:37 Blacksmith
04:02 Keep
04:18 Scout Tower
05:33 Guard Tower
05:38 Scout Tower
05:43 Scout Tower
06:06 Guard Tower
06:11 Guard Tower
07:47 Castle
09:10 Castle
09:54 Scout Tower
10:27 Barracks
11:48 Guard Tower
13:54 Farm
15:02 Farm
15:47 Farm
16:29 Farm
30:20 Farm
30:34 Farm
36:02 Farm
41:49 Town Hall
46:19 Farm
46:24 Farm
48:24 Farm
48:29 Farm
50:41 Farm
» items
Chat log
(00:08 / All) One.Direction: We're one direction
(00:13 / All) One.Direction: you guys are NSYNC
(00:19 / All) One.Direction: we're gonna school you
(00:24 / All) One.Direction: NEW SCHOOL BITCHES
(01:31 / Allies) GladMidsommar: tower purple's base
(01:37 / Allies) Bashiok: k
(01:49 / Allies) myewsick: WHAT?
(01:59 / Allies) GladMidsommar: he is protecting it
(02:00 / Allies) GladMidsommar: with protectors
(02:04 / Allies) GladMidsommar: since ud bases are weak
(02:23 / Allies) myewsick: dont teach me:D
(02:39 / Allies) myewsick: ..
(02:48 / Allies) Bashiok: whats your fucking problem
(03:03 / Allies) myewsick: dont
(03:14 / Allies) myewsick: go
(03:15 / Allies) myewsick: away
(03:21 / Allies) Bashiok: IM SORY I THOUGHT THIS WAS A TEAM GAME
(03:30 / Allies) myewsick: not fgor creeping
(03:30 / Allies) GladMidsommar: he is trying to help you purp, this is a team game idiot
(03:38 / All) orc-is-hax.: pink
(03:40 / All) orc-is-hax.: were u in fewa
(03:48 / Allies) myewsick: yeah this taskes me ages
(04:19 / Allies) myewsick: u dont get it
(04:25 / Allies) myewsick: nvm
(04:35 / Allies) Bashiok: IM SORY I THOUGHT THIS WAS A TEAM GAME
(04:40 / Allies) myewsick: jesus
(04:41 / Allies) myewsick: green
(04:44 / Allies) myewsick: get units
(04:47 / Allies) myewsick: instead oof towers
(04:48 / Allies) wwwwwwwwwwwwwww: donmt tower my base
(04:49 / Allies) Bashiok: WHAT IS A UNIT
(05:00 / All) Bashiok: OMG GUYS PINK IS BACKSTABBING ME
(05:22 / All) orc-is-hax.: good work pink keep it up
(05:57 / Allies) myewsick: atcik
(06:53 / Allies) wwwwwwwwwwwwwww: send unit
(14:29 / Allies) GladMidsommar: move god damn
(14:39 / All) wwwwwwwwwwwwwww: oj tk?
(14:51 / Allies) GladMidsommar: ?
(14:56 / Allies) Bashiok: Im defending your base
(15:08 / Allies) wwwwwwwwwwwwwww: from the back?????
(15:16 / Allies) Bashiok: you boxed the front in
(15:47 / All) One.Direction: god that fag wouldn't stop running
(17:31 / Allies) GladMidsommar: omw
(17:32 / All) wwwwwwwwwwwwwww: nice oj tk
(17:40 / All) Bashiok: YOU BACKSTABBED ME FIRST PINK
(17:41 / All) wwwwwwwwwwwwwww: sorry green tk
(17:45 / All) Bashiok: REMEMBER WHEN YOU ATTACKED MY BUILDINGS
(17:47 / All) GladMidsommar: I'm a bser too.
(17:50 / All) GladMidsommar: I just didn't have to this game.
(18:26 / All) orc-is-hax.: god damn tkers
(19:37 / All) wwwwwwwwwwwwwww: both oj and green tk
(19:41 / All) GladMidsommar: Yes.
(20:03 / Allies) Bashiok: pink you lose just leave
(20:15 / Allies) GladMidsommar: You lost pink. You can leave now.
(21:11 / Allies) GladMidsommar: You can't rebuild. I can
(21:24 / Allies) GladMidsommar: Nice try.
(21:50 / Allies) GladMidsommar: Thanks for the moonjuice man.
(21:56 / All) orc-is-hax.: gold me blue
(21:56 / All) orc-is-hax.: lawl
(22:32 / All) One.Direction: lawl
(22:34 / All) One.Direction: teal is the dick
(22:35 / All) One.Direction: somehow
(22:39 / All) One.Direction: he steals my expansion
(22:43 / All) Bashiok: lol
(22:45 / All) One.Direction: and teal attacks his so he's the dick
(22:55 / All) lKN0WHATIMDOlN: nice team
(23:01 / All) lKN0WHATIMDOlN: teal has wyvs
(23:05 / All) lKN0WHATIMDOlN: yellow dick in his ass
(23:16 / All) wwwwwwwwwwwwwww: blue sheet inyour base
(23:17 / All) wwwwwwwwwwwwwww: sheep
(23:19 / All) One.Direction: You are a hypocritical faggot
(23:20 / All) orc-is-hax.: blue do u not realize yet
(23:23 / All) One.Direction: Quit your bitchin', nigger
(23:24 / All) lKN0WHATIMDOlN: suck a dick u pussy bitches
(23:30 / All) lKN0WHATIMDOlN: its ok
(23:31 / All) lKN0WHATIMDOlN: its a game
(23:34 / All) One.Direction: You could have just crept your own gold mine pussy
(23:36 / All) orc-is-hax.: sure blue
(23:40 / All) orc-is-hax.: u "dont care"
(23:42 / All) orc-is-hax.: lawl
(23:45 / All) orc-is-hax.: we heard that before
(23:47 / All) orc-is-hax.: notice how i said
(23:48 / All) wwwwwwwwwwwwwww: shee p in front blue base
(23:52 / All) lKN0WHATIMDOlN: but if u were near me, I SWARE ON ALL DEAR 2 ME I WOULD BREAK UR FACE!
(23:52 / All) orc-is-hax.: you have been hoaxed blue
(24:00 / All) orc-is-hax.: lawl
(24:08 / All) orc-is-hax.: i am black blue, u would have no chance
(24:09 / All) wwwwwwwwwwwwwww: blue
(24:16 / All) lKN0WHATIMDOlN: ok
(24:20 / All) wwwwwwwwwwwwwww: shade by your hero
(24:20 / All) lKN0WHATIMDOlN: talk now, its ok
(24:29 / All) lKN0WHATIMDOlN: but ur both lil bitches so its ok
(24:32 / All) lKN0WHATIMDOlN: im not stressin it
(24:43 / All) orc-is-hax.: blue, i demand you leave this game or face my wrath
(25:08 / All) orc-is-hax.: yes red?
(25:13 / All) orc-is-hax.: blue started it
(25:18 / All) lKN0WHATIMDOlN: yeh asshoel
(25:26 / All) lKN0WHATIMDOlN: i started hoardin 6k gold
(25:27 / All) lKN0WHATIMDOlN: no units
(25:34 / All) lKN0WHATIMDOlN: grow up lil bitch
(25:39 / All) orc-is-hax.: blue give me gold and ill leave ur last peasants alive
(25:41 / All) One.Direction: don't steal gold mines
(25:43 / Allies) GladMidsommar: Thanks for the detonate
(25:46 / Allies) GladMidsommar: makes my job easier
(25:49 / All) wwwwwwwwwwwwwww: orange north
(25:53 / Allies) Bashiok: yeah thanks for saving us the trouble of killing the wisp
(25:54 / Allies) Bashiok: lol
(25:55 / All) wwwwwwwwwwwwwww: orange main south has no towers
(26:10 / All) wwwwwwwwwwwwwww: oj cant micro
(26:13 / All) orc-is-hax.: yes
(26:13 / All) orc-is-hax.: red
(26:15 / All) wwwwwwwwwwwwwww: 12 air units, 3 bases
(26:17 / All) orc-is-hax.: unless he tries to hit me
(26:20 / All) wwwwwwwwwwwwwww: 4 avaries
(26:21 / All) GladMidsommar: Is that why I raped your army pink?
(26:26 / All) GladMidsommar: That's called macro.
(26:38 / All) Bashiok: lololol burn
(26:38 / All) wwwwwwwwwwwwwww: get more aa with 4k gold
(26:41 / All) One.Direction: agility boots don't effect speed?
(26:43 / All) lKN0WHATIMDOlN: he needs 8 inches in his ass!
(26:48 / All) GladMidsommar: Why not more gryphons?
(27:09 / All) wwwwwwwwwwwwwww: why 6 hawks and 6 grphs
(27:11 / All) orc-is-hax.: 500 red
(27:27 / All) wwwwwwwwwwwwwww: yelo pig in yoer base
(27:35 / All) wwwwwwwwwwwwwww: by arcane sant
(27:36 / All) GladMidsommar: I have no way of using it anyway.
(27:38 / All) One.Direction: It's kay
(27:47 / All) One.Direction: I don't pay any mind to swine
(28:02 / All) wwwwwwwwwwwwwww: green expansion north east
(28:04 / All) wwwwwwwwwwwwwww: no towers
(28:11 / All) orc-is-hax.: lawl
(28:28 / All) wwwwwwwwwwwwwww: another tree south east.. no towers south
(29:11 / All) wwwwwwwwwwwwwww: purp shade by blue
(29:33 / All) lKN0WHATIMDOlN: get more gold
(29:35 / All) wwwwwwwwwwwwwww: sheep by blue altar
(29:41 / All) lKN0WHATIMDOlN: save for next game
(30:03 / All) wwwwwwwwwwwwwww: green hero dying south west
(30:06 / All) wwwwwwwwwwwwwww: dead now
(30:07 / All) GladMidsommar: That's it, blue and red. You killed my sheep and now you die.
(30:20 / All) wwwwwwwwwwwwwww: shade still there
(30:44 / All) orc-is-hax.: u forget this?
(30:45 / All) wwwwwwwwwwwwwww: 10 more gryo
(30:51 / All) wwwwwwwwwwwwwww: coming north east of teal mid
(30:56 / All) wwwwwwwwwwwwwww: grph
(30:59 / All) wwwwwwwwwwwwwww: coming to red
(31:02 / All) wwwwwwwwwwwwwww: gorange air
(31:08 / All) GladMidsommar: lol
(31:23 / Allies) Bashiok: purp has a unit up somewhere
(32:30 / All) wwwwwwwwwwwwwww: wow ornag eu good
(32:33 / All) wwwwwwwwwwwwwww: blue sucks
(32:42 / All) wwwwwwwwwwwwwww: ok not bad
(32:56 / All) GladMidsommar: I can rebuild. He can't.
(33:01 / All) wwwwwwwwwwwwwww: orange not microd
(33:01 / All) GladMidsommar: it doesn't matter how bad the trade is for me.
(33:03 / All) wwwwwwwwwwwwwww: making untis now
(33:08 / All) wwwwwwwwwwwwwww: 8k gold
(33:20 / All) Bashiok: i have 13k gold
(33:32 / All) wwwwwwwwwwwwwww: ya and 400 wood
(33:35 / All) Guilty_Killer: wtf is that game?
(33:36 / All) wwwwwwwwwwwwwww: pro
(33:47 / All) wwwwwwwwwwwwwww: teal kill sheep
(33:53 / All) wwwwwwwwwwwwwww: he sees your teal air
(34:30 / All) wwwwwwwwwwwwwww: yelo green chims south of u
(34:35 / All) wwwwwwwwwwwwwww: moving east
(34:39 / All) wwwwwwwwwwwwwww: but 3expand south of u
(34:45 / All) wwwwwwwwwwwwwww: soputh west green xp
(35:32 / All) wwwwwwwwwwwwwww: orange air coming mid
(35:36 / 6) GladMidsommar: Wait for me teelo
(35:38 / All) wwwwwwwwwwwwwww: green comign north red base
(35:40 / 6) GladMidsommar: wrong chat
(35:43 / Allies) GladMidsommar: wait for me teelo
(35:44 / All) wwwwwwwwwwwwwww: orange joing green
(36:02 / All) orc-is-hax.: wood plz blue?
(36:14 / All) wwwwwwwwwwwwwww: why go knights red?
(36:18 / All) wwwwwwwwwwwwwww: vs air?
(36:43 / All) lKN0WHATIMDOlN: ty for nuthin
(36:48 / All) wwwwwwwwwwwwwww: teal tp?
(36:53 / All) wwwwwwwwwwwwwww: hwy not kill something?
(36:59 / All) wwwwwwwwwwwwwww: u know teal is aa
(37:13 / All) GladMidsommar: You lost blue. You can leave now.
(37:18 / All) wwwwwwwwwwwwwww: teal u aa kilsl chims
(37:25 / All) lKN0WHATIMDOlN: suck a dick puss
(37:31 / All) orc-is-hax.: lawl
(37:43 / All) wwwwwwwwwwwwwww: yelo u noob
(37:47 / All) wwwwwwwwwwwwwww: shade by your hero
(38:31 / All) orc-is-hax.: u guys
(38:31 / All) orc-is-hax.: suck
(38:32 / All) orc-is-hax.: ass
(38:33 / All) wwwwwwwwwwwwwww: yelo u suck
(38:34 / All) orc-is-hax.: watch me rape u
(38:39 / All) orc-is-hax.: WATCH ME RAPE U GREEN AND ORANGE
(38:40 / All) orc-is-hax.: FAGGOTS
(38:42 / Allies) Bashiok: no
(38:44 / All) wwwwwwwwwwwwwww: shade in xpn nown
(38:45 / Allies) Bashiok: dont kill the peasants
(38:47 / Allies) Bashiok: i want to charm one
(38:49 / All) lKN0WHATIMDOlN: yeh ok
(38:52 / All) lKN0WHATIMDOlN: with wyvs?
(38:56 / All) lKN0WHATIMDOlN: maybe bats
(38:58 / All) GladMidsommar: Hopefully he still has one then
(38:59 / All) lKN0WHATIMDOlN: wyvs 2 week nooob
(39:03 / All) GladMidsommar: too late now
(39:07 / All) wwwwwwwwwwwwwww: teal u lose
(39:10 / All) Bashiok: do they have any peasants left
(39:11 / All) lKN0WHATIMDOlN: green u really suck
(39:12 / All) Bashiok: I want to charm one
(39:13 / All) lKN0WHATIMDOlN: no acid?
(39:14 / All) wwwwwwwwwwwwwww: they ahve 100 towers up
(39:27 / All) orc-is-hax.: TAKE THIS hall blue
(39:38 / All) wwwwwwwwwwwwwww: teal u nee dmore than 12 units to win
(40:05 / All) wwwwwwwwwwwwwww: green north east corner, south west corner
(40:05 / All) orc-is-hax.: here blue
(40:08 / All) orc-is-hax.: ill drop u a tiny hall
(40:18 / All) GladMidsommar: Thanks for the commentary, pink.
(40:18 / All) wwwwwwwwwwwwwww: but now miners
(40:25 / All) orc-is-hax.: expo there
(40:26 / All) wwwwwwwwwwwwwww: no miners south west
(40:34 / All) wwwwwwwwwwwwwww: 18k gold enough
(40:37 / All) wwwwwwwwwwwwwww: yes
(40:38 / All) orc-is-hax.: ur team sucks pink
(40:40 / All) orc-is-hax.: we'll rape them
(40:42 / All) wwwwwwwwwwwwwww: no miners
(40:52 / All) wwwwwwwwwwwwwww: south air closby
(40:59 / Allies) wwwwwwwwwwwwwww: againn only 12 units
(41:02 / All) wwwwwwwwwwwwwww: oo
(41:04 / All) lKN0WHATIMDOlN: hes an idiot
(41:07 / All) wwwwwwwwwwwwwww: 12 copters now
(41:10 / All) wwwwwwwwwwwwwww: 24 units
(41:11 / All) orc-is-hax.: hes staying at 50/50 food
(41:12 / All) orc-is-hax.: red
(41:15 / All) orc-is-hax.: to ge tmore gold
(41:30 / All) orc-is-hax.: expo there blue
(41:53 / All) wwwwwwwwwwwwwww: yelo finally upgraded towers but not kill shade
(42:16 / All) Guilty_Killer: LOL
(42:18 / All) orc-is-hax.: wtf is happening this game
(42:25 / All) wwwwwwwwwwwwwww: how come
(42:31 / All) orc-is-hax.: red com ehere
(42:35 / All) orc-is-hax.: red come here
(42:41 / All) wwwwwwwwwwwwwww: how come green is elf and human?
(42:46 / All) Bashiok: lol pink
(42:47 / All) GladMidsommar: He is a hacker.
(42:49 / All) wwwwwwwwwwwwwww: norht west game?
(42:50 / All) GladMidsommar: Multirace hack.
(42:55 / All) orc-is-hax.: there red
(42:58 / All) orc-is-hax.: i gave u a tiny hall
(43:00 / All) orc-is-hax.: rebuild up
(43:20 / All) GladMidsommar: Aww pink left.
(43:22 / All) GladMidsommar: What a shame.
(43:26 / All) Bashiok: why did that faggot leave :(
(43:55 / All) orc-is-hax.: right
(43:59 / All) orc-is-hax.: lawl
(44:01 / All) orc-is-hax.: u passe dit
(44:13 / All) Bashiok: oh thought you meant that expo which has trees in the way
(44:14 / All) Bashiok: hold its on cd
(45:39 / All) lKN0WHATIMDOlN: loser bitch
(45:44 / All) Bashiok: lol
(45:59 / All) Bashiok: sweet, pally coming
(46:04 / All) GladMidsommar: Now we just need red to leave.
(46:21 / All) orc-is-hax.: gold count
(46:23 / All) orc-is-hax.: i have 25k
(46:26 / All) Bashiok: 20k
(46:30 / All) GladMidsommar: 21k
(46:36 / All) Bashiok: forgot to stick wisps in my bottom left expo
(48:13 / All) orc-is-hax.: yes
(49:10 / All) orc-is-hax.: he owned me red
(49:32 / All) Guilty_Killer: nooooooooooooooooooooooo
(49:44 / All) GladMidsommar: OMG WE LOST FUCK
(49:45 / All) One.Direction: Get out of my town
(49:46 / All) Guilty_Killer: not my paysan
(50:00 / All) One.Direction: foreigners aren't welcom
(50:21 / All) GladMidsommar: FUCK WE LOST OMGOMGOMG
(50:44 / All) Bashiok: 25k gold
(50:49 / All) GladMidsommar: 28k
(52:43 / All) GladMidsommar: If you lag out we must slay you like a pig.
(53:04 / All) orc-is-hax.: im not
(53:05 / All) orc-is-hax.: he is
(53:13 / All) orc-is-hax.: im sorry red but u need to getthe loss
(53:16 / All) Bashiok: yellow made a bunch of copters and killed all my shit
(53:17 / All) orc-is-hax.: i have to go swimming
(53:25 / All) orc-is-hax.: i dont know what he s doign
(55:31 / All) orc-is-hax.: i leave ok
(55:39 / All) orc-is-hax.: im goign for an hour or two